 Dungeon Crawl Stone Soup version 0.19.0-24-gb05acd6 (webtiles) character file.

451142 rentonl the Slayer (level 23, -12/232 HPs)
             Began as a Minotaur Fighter on Nov 20, 2016.
             Was the Champion of Cheibriados.
             Mangled by an Ice Fiend (24 damage)
             ... in an ice cave.
             The game lasted 02:10:57 (44041 turns).

rentonl the Slayer (Minotaur Fighter)              Turns: 44041, Time: 02:10:57

Health: -12/232    AC: 39    Str: 39    XL:     23   Next: 19%
Magic:  31/31      EV: 27    Int: 20    God:    Cheibriados [******]
Gold:   1240       SH: 22    Dex: 30    Spells: 0 memorised, 22 levels left

rFire  . . .     SeeInvis +     Y - +9 war axe (vamp)
rCold  + . .     Gourm    .     x - +8 crystal plate armour
rNeg   . . .     Faith    .     c - +0 shield
rPois  +         Spirit   .     (helmet restricted)
rElec  .         Reflect  +     N - +2 cloak
rCorr  .         Harm     .     G - +0 pair of gloves
MR     +....                    (no boots)
Stlth  ..........               e - +4 amulet of reflection
                                D - +4 ring of evasion
                                p - ring of Xom's Passing Interest {rPois rC+ Stlth+}

@: very slow
A: retaliatory headbutt, hooves 1, horns 2, camouflage 1, see invisible, slow
regeneration 1, weak 1
a: Bend Time, Temporal Distortion, Slouch, Step From Time, Renounce Religion
}: 2/15 runes: decaying, serpentine


You were in an ice cave.
You worshipped Cheibriados.
Cheibriados was exalted by your worship.
You were very hungry.

You visited 9 branches of the dungeon, and saw 43 of its levels.
You also visited: Sewer and Ice Cave.

You collected 4775 gold pieces.
You spent 3535 gold pieces at shops.

Inventory:

Hand Weapons
 m - the +3 broad axe "Vucvokla" {protect, MR+ Str+6}
   (You acquired it on level 4 of the Swamp)

   It protects the one who uses it against injury (+AC on strike).
   It affects your strength (+6).
   It affects your resistance to hostile enchantments.
 P - the +5 trident of Psychosis {drain, Str+3}
   (You found it on level 5 of the Lair of Beasts)

   A truly terrible weapon, it drains the life of those it strikes.
   It affects your strength (+3).
 Y - a +9 vampiric war axe (weapon)
Armour
 c - a +0 shield (worn)
 x - a +8 crystal plate armour (worn)
 G - a +0 pair of gloves (worn)
 N - a +2 cloak (worn)
Jewellery
 e - a +4 amulet of reflection (around neck)
 i - an uncursed amulet of regeneration
 p - the ring of Xom's Passing Interest (left hand) {rPois rC+ Stlth+}
   (You bought it in a shop on level 1 of the Snake Pit)

   [ring of poison resistance]

   It protects you from cold.
   It protects you from poison.
   It makes you more stealthy.
 A - an uncursed ring of resist corrosion
 D - a +4 ring of evasion (right hand)
 O - the amulet "Vijal" {rElec MR+ Regen+ Str-2 Int+3}
   (You found it on level 6 of the Lair of Beasts)

   [amulet of regeneration]

   It affects your strength (-2).
   It affects your intelligence (+3).
   It insulates you from electricity.
   It affects your resistance to hostile enchantments.
   It increases your rate of regeneration.
Wands
 n - a wand of slowing (17/48)
 E - a wand of digging (10/24)
 J - a wand of paralysis (5/24)
 L - a wand of enslavement (4/24)
 Q - a wand of confusion (32/48)
 T - a wand of heal wounds (4/9)
 Z - a wand of confusion (12/48)
Scrolls
 a - a scroll of summoning
 l - 3 scrolls of magic mapping
 o - 2 scrolls of enchant weapon
 r - 22 scrolls of remove curse
 s - 10 scrolls of identify
 v - a scroll of brand weapon
 y - 15 scrolls of teleportation
 F - 7 scrolls of fear
 H - 9 scrolls of noise
 I - 4 scrolls of recharging
 K - 7 scrolls of blinking
 M - 9 scrolls of amnesia
 R - 5 scrolls of fog
 S - 2 scrolls of silence
 U - 5 scrolls of immolation
Potions
 b - 5 potions of magic
 d - 5 potions of might
 g - 6 potions of cancellation
 h - 3 potions of invisibility
 k - 17 potions of brilliance
 q - 13 potions of curing
 z - 5 potions of flight
 B - 4 potions of resistance
 C - 8 potions of agility
 V - a potion of heal wounds
 X - a potion of ambrosia
Books
 j - Yggeyskeu's Collected Works on Companions
   (You found it on level 1 of the Elven Halls)

   Spells                             Type                      Level
   a - Call Imp                       Summoning                    2
   b - Call Canine Familiar           Summoning                    3
   c - Summon Ice Beast               Ice/Summoning                4
   d - Malign Gateway                 Summoning/Translocation      7
 t - a book of Battle

   Spells                             Type                      Level
   a - Infusion                       Charms                       1
   b - Shroud of Golubria             Charms/Translocation         2
   c - Song of Slaying                Charms                       2
   d - Spectral Weapon                Hexes/Charms                 3
   e - Regeneration                   Charms/Necromancy            3
Miscellaneous
 W - a phantom mirror
Comestibles
 f - 25 bread rations
 u - 17 beef jerkies
 w - 14 meat rations


   Skills:
 * Level 24.8 Fighting
 + Level 21.7 Axes
 + Level 18.9 Armour
 + Level 16.4 Dodging
 - Level 16.8 Shields
 - Level 9.9 Invocations
 + Level 12.0 Evocations


You had 22 spell levels left.
You didn't know any spells.

Dungeon Overview and Level Annotations

Branches:
Dungeon (15/15)            Temple (1/1) D:6            Lair (6/6) D:11
  Swamp (4/4) Lair:2        Snake (4/4) Lair:2        Slime (0/5) Lair:6
    Orc (2/2) D:10            Elf (2/3) Orc:2        Vaults (4/5) D:14
  Crypt (0/3) Vaults:3     Depths (5/5) D:15            Zot (0/5) Depths:5

Altars:
Ashenzari
Cheibriados
Dithmenos
Elyvilon
Fedhas
Gozag
Hepliaklqana
Kikubaaqudgha
Makhleb
Nemelex Xobeh
Okawaru
Qazlal
Ru
Sif Muna
Trog
Uskayaw
Vehumet
Xom
Yredelemnul
Zin
The Shining One
Beogh
Jiyva

Shops:
D:14 ?   Orc:2 ==![[   Elf:1 [!   Snake:1 =}=   Snake:3 *   Vaults:1 (
Vaults:3 *

Portals:
Hell: Lair:6 Depths:1 Depths:2 Depths:3 Depths:4 Depths:5
Abyss: Depths:4
Pandemonium: Depths:3
Ziggurat: Depths:2
Trove: Depths:3 (give +7 demon trident)

Annotations:
Elf:2 3 runed doors
Depths:3 1 runed door


Innate Abilities, Weirdness & Mutations

You reflexively headbutt those who attack you in melee.
You have a pair of horns on your head.
You have large cloven feet.
Your skin changes colour to match your surroundings (Stealth+).
You have supernaturally acute eyesight. (SInv)
You regenerate slowly when monsters are visible.
You are weak. (Str -2)


Message History

Cheibriados thoroughly appreciates the change of pace.
You start resting.
Magic restored.
You start resting.
An Ice Fiend is nearby!
The Ice Fiend roars!
The Ice Fiend calls on the powers of darkness!
Your body is wracked with pain!
* * * LOW HITPOINT WARNING * * *
The Ice Fiend calls on the powers of darkness!
Your body is wracked with pain!
* * * LOW HITPOINT WARNING * * *
You slash the Ice Fiend!
You kick the Ice Fiend, but do no damage.
You headbutt the Ice Fiend.
The Ice Fiend is lightly wounded.
The Ice Fiend claws you!
* * * LOW HITPOINT WARNING * * *
The Ice Fiend freezes you!! You resist.
You die...

#.§§....## ##..#..##
#§§§.....# #...###.##
###§§.....###..####..#
#..#§#.....#§§##).#..#
##§.#§##..§§§§##)..##..
#§§.#..###§§§§##....#..
##§.§.....#§§§###....##.
#..§......#§.§# ##....#.
#§§####@..#§§§# ##.#.##.
.§§§§§.1.......#
#..###..
1#§§§.....§.#..#
#...##.. #§#≈.#§#..##.##
#....... #§§#. #.#..#
#..#...# #§§ #. .§
##..#..## ## .. #§§
#...#### .. §§# #..##
##...#


You could see an Ice Fiend.

Vanquished Creatures
  Mennas (Vaults:3)
  2 ancient liches
  A juggernaut (Depths:4)
  Sojobo (Depths:3)
  Saint Roka (Depths:2)
  Bai Suzhen (Depths:3)
  3 golden dragons
  A caustic shrike (Depths:4)
  2 liches
  Nikola (Vaults:3)
  A bone dragon (Depths:5)
  Jorgrun (Snake:4)
  An Ice Fiend (IceCv)
  The ghost of SlowGraham the Phalangite, an adept MfCj of the Shining One (Depths:1)
  A tentacled monstrosity (Depths:4)
  A titan (Depths:4)
  An ancient champion (Vaults:3)
  4 sphinxes
  Kirke (D:14)
  The ghost of erch1 the Executioner, an adept MiBe of Trog (Snake:4)
  A shadow dragon (Depths:4)
  A thorn hunter (Swamp:3)
  2 storm dragons
  11 nagarajas
  5 vault wardens
  3 tengu reavers
  8 frost giants
  2 iron dragons (Depths:4)
  Aizul (Snake:1)
  7 fire giants
  9 ironheart preservers
  An orc warlord (Orc:1)
  A reaper (Depths:3)
  4 spriggan defenders
  A draconian zealot (Depths:5)
  15 stone giants
  12 very ugly things
  4 vampire knights
  2 deep elf demonologists
  3 entropy weavers
  2 dire elephants (Lair:6)
  5 white draconians (Depths:5)
  A black draconian (Depths:5)
  A deep elf annihilator (Vaults:3)
  A green draconian (Depths:5)
  A purple draconian (Depths:5)
  A red draconian (Depths:5)
  5 spark wasps
  8 ettins
  14 fire dragons
  2 jiangshi (Depths:5)
  2 deep elf death magi
  Josephine (Swamp:1)
  13 yaktaur captains
  5 vault guards (Vaults:4)
  17 naga warriors
  15 great orbs of eyes
  A hell beast (Lair:6)
  5 rakshasas
  12 ice dragons
  A hydra (shapeshifter) (Depths:1)
  21 hydras
  10 anacondas
  2 spriggan air magi
  3 death knights
  10 alligators
  8 centaur warriors
  6 dancing weapons
  5 deep troll shamans
  The ghost of Spif the Cleaver, a journeyman GrFi of the Shining One (D:11)
  15 ogre magi
  7 tengu warriors
  An orc high priest (Elf:2)
  8 naga sharpshooters
  7 deep troll earth magi
  7 shock serpents
  3 spriggan berserkers
  6 vampire magi
  7 deep elf knights
  A soul eater (Depths:3)
  4 fire crabs
  12 skeletal warriors
  A sun demon (Depths:3)
  2 salamander mystics
  A shadow wraith (Vaults:1)
  A sixfirhy (Depths:3)
  14 hell knights
  7 sea snakes (Snake:4)
  3 unseen horrors
  3 flayed ghosts
  9 swamp dragons
  3 glowing orange brains
  The ghost of Coron the Covert, a novice FeFi of Trog (D:9)
  4 wizards
  8 naga ritualists
  5 deep elf archers
  A golden dragon zombie (Depths:4)
  5 shambling mangroves
  A shadow demon (Depths:3)
  9 ironbrand convokers
  12 deep trolls
  4 phantasmal warriors
  2 spriggan druids (Swamp:3)
  11 orc knights
  9 hill giants
  7 necromancers
  7 mana vipers
  A sphinx zombie (Depths:4)
  An orc sorcerer (Vaults:1)
  2 wolf spiders
  33 deep elf magi
  37 ugly things
  An orb spider (shapeshifter) (Vaults:3)
  5 cyclopes
  A manticore (D:11)
  15 salamanders
  14 elephants
  2 centaur zombies (D:12)
  11 guardian serpents
  33 black mambas
  3 ice statues
  A rust devil (Depths:3)
  A water nymph (shapeshifter) (Vaults:3)
  3 gargoyles (D:15)
  13 vault sentinels
  17 naga magi
  11 spiny frogs
  A black mamba (shapeshifter) (Vaults:3)
  4 orange demons (Lair:6)
  8 komodo dragons
  41 yaktaurs
  An efreet (D:13)
  14 freezing wraiths
  A queen bee (Lair:1)
  3 polar bears (shapeshifter)
  5 red devils
  2 tengu conjurers (Depths:5)
  A hellwing (Lair:6)
  30 hornets
  A jumping spider (Vaults:4)
  12 ice devils
  5 polar bears
  34 two-headed ogres
  A troll (shapeshifter) (Depths:4)
  38 slime creatures
  8 trolls
  3 bog bodies
  A blink frog (Lair:6)
  Grinder (D:5)
  A dream sheep (shapeshifter) (Depths:4)
  8 tyrant leeches
  7 hippogriffs
  A fire giant simulacrum (Vaults:3)
  A meliai zombie (D:13)
  4 air elementals
  A frost giant simulacrum (Depths:4)
  14 spriggans
  6 wraiths
  3 redbacks
  A shadow (Swamp:1)
  A tarantella (shapeshifter) (D:14)
  3 fire elementals (Elf:1)
  10 hogs
  3 yaks (shapeshifter)
  3 wyverns
  2 vampires
  62 yaks
  A human (D:7)
  2 basilisks
  A basilisk (shapeshifter) (D:13)
  A steam dragon (shapeshifter) (Depths:5)
  33 vampire mosquitoes
  2 neqoxecs (Depths:3)
  Menkaure (D:7)
  2 hungry ghosts (D:11)
  10 insubstantial wisps (Swamp:2)
  4 wargs
  18 swamp worms
  4 mottled dragons (Swamp:4)
  A soldier ant (D:11)
  57 nagas
  2 hell hounds (D:11)
  13 water moccasins
  2 floating eyes
  27 orc warriors
  8 porcupines
  An eye of draining (shapeshifter) (D:14)
  19 swamp drakes
  17 ice beasts
  4 black bears
  5 phantoms
  7 sky beasts
  2 black bears (shapeshifter)
  A necrophage (D:11)
  17 boggarts
  73 ogres
  17 centaurs
  14 wolves
  A crocodile (shapeshifter) (Depths:4)
  16 crocodiles
  Blork the orc (D:5)
  21 bullfrogs
  2 earth elementals (Elf:1)
  2 wyvern skeletons
  4 scorpions
  31 killer bees
  13 wights
  2 howler monkeys (D:8)
  3 crimson imps
  3 bullfrog zombies
  A lava snake (Swamp:4)
  2 quasits
  8 hounds
  3 centaur skeletons
  3 jellies
  9 bullfrog skeletons
  10 orc priests
  18 orc wizards
  2 iguanas
  13 worker ants
  2 hound zombies
  A hound skeleton (D:8)
  A worker ant zombie (D:7)
  A gnoll (shapeshifter) (Depths:3)
  3 gnolls (D:8)
  18 adders
  A river rat (D:6)
  5 shadow imps
  14 white imps
  5 ufetubi (IceCv)
  4 oozes (Sewer)
  An adder skeleton (D:4)
  12 worms
  3 dart slugs
  14 leopard geckos
  71 orcs
  18 bats
  8 giant cockroaches
  9 hobgoblins
  15 jackals
  6 kobolds
  2 quokkas
  6 ball pythons
  5 frilled lizards
  11 goblins
  2 jackal skeletons (D:4)
  A leopard gecko skeleton (D:7)
  2 quokka skeletons
  12 rats
  3 briar patches (Swamp:3)
  A butterfly (Lair:4)
  2 crawling corpses (Depths:4)
  2 fungi (Lair:6)
  A plant (Depths:4)
1854 creatures vanquished.

Vanquished Creatures (others)
  A frost giant (Depths:2)
  A stone giant (Depths:2)
  3 yaktaur captains
  2 centaur warriors
  2 naga sharpshooters
  A deep elf archer (Elf:1)
  A swamp dragon (Swamp:4)
  An ironbrand convoker (Vaults:3)
  A lindwurm (Swamp:4)
  A cyclops (D:15)
  A salamander (Snake:2)
  A naga mage (Snake:3)
  A rime drake (Lair:6)
  12 yaktaurs
  2 nagas
  A swamp drake (Swamp:4)
  3 boggarts
  7 centaurs
  An orc wizard (D:7)
  2 white imps (IceCv)
  3 ufetubi (IceCv)
  An orc (Vaults:3)
  A frilled lizard (D:4)
  2 briar patches (Swamp:3)
  18 fungi
  6 plants
76 creatures vanquished.

Grand Total: 1930 creatures vanquished

Notes
Turn   | Place    | Note
-------+----------+-------------------------------------------
     0 | D:1      | rentonl the Minotaur Fighter began the quest for the Orb.
     0 | D:1      | Reached XP level 1. HP: 19/19 MP: 0/0
   147 | D:1      | Reached XP level 2. HP: 26/27 MP: 1/1
   347 | D:1      | Reached skill level 4 in Fighting
   754 | D:2      | Reached XP level 3. HP: 28/33 MP: 2/2
  1045 | D:2      | Reached XP level 4. HP: 38/41 MP: 3/3
  1247 | D:2      | Reached skill level 5 in Fighting
  1761 | D:3      | Reached XP level 5. HP: 48/48 MP: 4/4
  2177 | D:4      | Noticed a phantom
  2234 | D:4      | Killed a phantom
  2234 | D:4      | Reached XP level 6. HP: 20/57 MP: 5/5
  2450 | D:4      | Reached skill level 6 in Fighting
  2450 | D:4      | Reached skill level 5 in Axes
  2542 | D:4      | Reached skill level 5 in Shields
  2603 | D:4      | Reached XP level 7. HP: 64/64 MP: 6/6
  2656 | D:4      | Reached skill level 5 in Armour
  2934 | D:5      | Entered Level 5 of the Dungeon
  2976 | D:5      | Noticed Blork the orc
  2986 | D:5      | Noticed Grinder
  2994 | D:5      | Killed Blork the orc
  3001 | D:5      | Killed Grinder
  3001 | D:5      | Reached skill level 7 in Fighting
  3465 | D:5      | Reached XP level 8. HP: 64/73 MP: 7/7
  3984 | D:6      | Gained mutation: You are partially covered in thin metallic scales. (AC +2) [mutagenic meat]
  3985 | D:6      | Gained mutation: You regenerate slowly when monsters are visible. [mutagenic meat]
  3986 | D:6      | Gained mutation: You are weak. (Str -2) [mutagenic meat]
  3988 | D:6      | Gained mutation: You have an increased reservoir of magic. (+10% MP) [mutagenic meat]
  4004 | D:6      | Reached skill level 8 in Fighting
  4569 | D:6      | Reached skill level 9 in Fighting
  4582 | D:6      | Found a glowing drain.
  4591 | Sewer    | Entered a sewer
  4891 | Sewer    | Gained mutation: You have large cloven feet. [potion of mutation]
  4891 | Sewer    | Lost mutation: You have an increased reservoir of magic. (+10% MP) [potion of mutation]
  4891 | Sewer    | Gained mutation: You have hoof-like feet. [potion of mutation]
  5159 | D:6      | Reached XP level 9. HP: 75/83 MP: 8/8
  5167 | D:6      | Found a staircase to the Ecumenical Temple.
  5179 | Temple   | Entered the Ecumenical Temple
  5285 | Temple   | Became a worshipper of Cheibriados the Contemplative
  5479 | D:6      | Noticed a deep elf mage
  5490 | D:6      | Killed a deep elf mage
  6117 | D:7      | Noticed Menkaure
  6123 | D:7      | Killed Menkaure
  6268 | D:7      | Reached * piety under Cheibriados
  6268 | D:7      | Reached skill level 10 in Fighting
  6268 | D:7      | Reached skill level 1 in Dodging
  6734 | D:7      | Reached skill level 1 in Invocations
  6976 | D:8      | Reached skill level 10 in Axes
  7023 | D:8      | Reached XP level 10. HP: 92/94 MP: 10/10
  7026 | D:8      | Reached ** piety under Cheibriados
  7903 | D:9      | Reached *** piety under Cheibriados
  8317 | D:9      | Reached skill level 11 in Fighting
  8548 | D:9      | Noticed Coron's ghost (novice FeFi)
  8569 | D:9      | Killed Coron's ghost
  8684 | D:9      | Noticed a hill giant
  8690 | D:9      | Killed a hill giant
  9161 | D:10     | Entered Level 10 of the Dungeon
  9170 | D:10     | Noticed a hill giant
  9175 | D:10     | Killed a hill giant
  9651 | D:10     | Found a staircase to the Orcish Mines.
  9975 | D:10     | Reached XP level 11. HP: 96/102 MP: 12/12
 10014 | D:10     | Reached **** piety under Cheibriados
 10174 | D:11     | Noticed a four-headed hydra
 10186 | D:11     | Killed a four-headed hydra
 10186 | D:11     | Reached skill level 12 in Fighting
 10196 | D:11     | Reached skill level 5 in Dodging
 10256 | D:11     | Found a staircase to the Lair.
 10301 | D:11     | Noticed a hill giant
 10308 | D:11     | Killed a hill giant
 10415 | D:11     | Found a bloodstained altar of Trog.
 10466 | D:11     | Noticed Spif's ghost (journeyman GrFi)
 10499 | D:11     | Killed Spif's ghost
 10521 | D:11     | Reached ***** piety under Cheibriados
 10945 | D:11     | Noticed a hill giant
 10953 | D:11     | Killed a hill giant
 10953 | D:11     | Reached skill level 5 in Invocations
 11033 | D:11     | Lost mutation: You are weak. (Str -2) [potion of beneficial mutation]
 11111 | Lair:1   | Entered Level 1 of the Lair of Beasts
 11500 | Lair:1   | Noticed a six-headed hydra
 11505 | Lair:1   | Killed a ten-headed hydra
 11505 | Lair:1   | Reached XP level 12. HP: 105/113 MP: 13/15
 11586 | Lair:1   | Reached skill level 13 in Fighting
 12197 | Lair:2   | Reached ****** piety under Cheibriados
 12197 | Lair:2   | Reached skill level 10 in Shields
 12198 | Lair:2   | Reached skill level 10 in Armour
 12419 | Lair:2   | Found a staircase to the Snake Pit.
 12589 | Lair:2   | Found a staircase to the Swamp.
 12615 | Lair:2   | Noticed an eight-headed hydra
 12626 | Lair:2   | Killed an eight-headed hydra
 13556 | Lair:4   | Reached skill level 14 in Fighting
 13664 | Lair:4   | Reached XP level 13. HP: 124/124 MP: 16/16
 14666 | Lair:5   | Got an encrusted trident
 14667 | Lair:5   | Identified the +5 trident of Psychosis {drain, Str+3} (You found it on level 5 of the Lair of Beasts)
 15093 | Lair:6   | Entered Level 6 of the Lair of Beasts
 15127 | Lair:6   | Found a staircase to the Slime Pits.
 15128 | Lair:6   | Found a viscous altar of Jiyva.
 15224 | Lair:6   | Noticed a dire elephant
 15237 | Lair:6   | Killed a dire elephant
 15245 | Lair:6   | Noticed a dire elephant
 15259 | Lair:6   | Killed a dire elephant
 15701 | Lair:6   | Reached skill level 15 in Fighting
 15782 | Lair:6   | Reached skill level 15 in Axes
 16011 | Lair:6   | Reached XP level 14. HP: 131/135 MP: 18/18
 16136 | Lair:6   | Found a burning altar of Makhleb.
 16536 | Lair:6   | Found a gateway to Hell.
 16544 | Lair:6   | Got a sparkling crystal amulet
 16549 | Lair:6   | Identified the amulet "Vijal" {rElec MR+ Regen+ Str-2 Int+3} (You found it on level 6 of the Lair of Beasts)
 16850 | Orc:1    | Entered Level 1 of the Orcish Mines
 16914 | Orc:2    | Entered Level 2 of the Orcish Mines
 16943 | Orc:2    | Noticed an orc warlord
 16960 | Orc:1    | Killed an orc warlord
 17065 | Orc:2    | Found a staircase to the Elven Halls.
 17227 | Orc:2    | Found Alol's Jewellery Emporium.
 17227 | Orc:2    | Found Xemeidumn's Antique Armour Shop.
 17227 | Orc:2    | Found Nuwnuon's Jewellery Boutique.
 17227 | Orc:2    | Found Syih's Distillery.
 17233 | Orc:2    | Bought an uncursed ring of poison resistance for 220 gold pieces
 17237 | Orc:2    | Bought a +4 amulet of reflection for 350 gold pieces
 17250 | Orc:2    | Bought a runed cloak for 367 gold pieces
 17251 | Orc:2    | Bought a potion of curing for 42 gold pieces
 17251 | Orc:2    | Bought a potion of heal wounds for 70 gold pieces
 17251 | Orc:2    | Bought 2 potions of resistance for 280 gold pieces
 17251 | Orc:2    | Bought a potion of heal wounds for 70 gold pieces
 17272 | Orc:2    | Found a roughly hewn altar of Beogh.
 17282 | Orc:2    | Found Xerhiof's Armour Shop.
 17877 | Swamp:1  | Entered Level 1 of the Swamp
 17877 | Swamp:1  | Noticed Josephine
 17891 | Swamp:1  | Killed Josephine
 17967 | Swamp:1  | Reached skill level 16 in Fighting
 18779 | Swamp:2  | Reached XP level 15. HP: 122/144 MP: 20/20
 19522 | Swamp:3  | Noticed a thorn hunter
 19531 | Swamp:3  | Killed a thorn hunter
 20353 | Swamp:4  | Entered Level 4 of the Swamp
 20477 | Swamp:4  | Reached skill level 10 in Dodging
 20493 | Swamp:4  | Reached skill level 17 in Fighting
 20872 | Swamp:4  | Identified a scroll of acquirement
 20875 | Swamp:4  | Got a translucent broad axe
 20876 | Swamp:4  | Identified the +3 broad axe "Vucvokla" {protect, MR+ Str+6} (You acquired it on level 4 of the Swamp)
 21233 | Swamp:4  | Reached XP level 16. HP: 155/155 MP: 22/22
 21391 | Swamp:4  | Got a decaying rune of Zot
 21620 | Snake:1  | Entered Level 1 of the Snake Pit
 21932 | Snake:1  | Noticed Aizul
 21949 | Snake:1  | Killed Aizul
 22432 | Snake:1  | Reached skill level 1 in Evocations
 22967 | Snake:1  | Found Qijimm's Jewellery Boutique.
 22967 | Snake:1  | Found Pauchoerph's Gadget Emporium.
 22968 | Snake:1  | Found Oskota's Jewellery Boutique.
 22982 | Snake:1  | Bought the ring of Xom's Passing Interest {rPois rC+ Stlth+} for 404 gold pieces
 23377 | Snake:2  | Reached skill level 18 in Fighting
 24148 | Snake:3  | Reached XP level 17. HP: 138/166 MP: 23/23
 24613 | Snake:3  | Found Mipres's General Store.
 24631 | Snake:3  | Bought a scroll of teleportation for 36 gold pieces
 24631 | Snake:3  | Bought a scroll of enchant weapon for 90 gold pieces
 24631 | Snake:3  | Bought a scroll of fear for 42 gold pieces
 24670 | Snake:4  | Entered Level 4 of the Snake Pit
 24721 | Snake:4  | Got a transparent broad axe
 24722 | Snake:4  | Identified the +1 broad axe of Cheibriados's Hope {drain, rC+ Str-4 Int+2 Dex+4} (You acquired it on level 4 of the Snake Pit)
 24846 | Snake:4  | Noticed Jorgrun
 24855 | Snake:4  | Killed Jorgrun
 24855 | Snake:4  | Reached skill level 19 in Fighting
 25091 | Snake:4  | Noticed erch1's ghost (adept MiBe)
 25105 | Snake:4  | Killed erch1's ghost
 25448 | Snake:4  | Reached skill level 5 in Evocations
 25637 | Snake:4  | Gained mutation: You can translocate small distances at will. [mutagenic meat]
 25638 | Snake:4  | Gained mutation: Your magical capacity is low. (-10% MP) [mutagenic meat]
 25654 | Snake:4  | Got a serpentine rune of Zot
 26682 | D:12     | Reached XP level 18. HP: 174/178 MP: 21/21
 27387 | D:13     | Gained mutation: Your mind is acute. (Int +2) [potion of mutation]
 27387 | D:13     | Lost mutation: Your mind is acute. (Int +2) [potion of mutation]
 27387 | D:13     | Gained mutation: You have hooves in place of feet. [potion of mutation]
 27644 | D:13     | Gained mutation: You expend magic power (3 MP) to strengthen your wands. [mutagenic meat]
 27646 | D:13     | Lost mutation: You are partially covered in thin metallic scales. (AC +2) [mutagenic meat]
 27647 | D:13     | Gained mutation: You occasionally shout uncontrollably at your foes. [mutagenic meat]
 28098 | D:14     | Found a gate to the Vaults.
 28148 | D:14     | Reached skill level 20 in Fighting
 28155 | D:14     | Reached skill level 15 in Armour
 28178 | D:14     | Gained mutation: Your muscles are strong. (Str +2) [mutagenic meat]
 28179 | D:14     | Gained mutation: You have supernaturally acute eyesight. (SInv) [mutagenic meat]
 28182 | D:14     | Lost mutation: You have hooves in place of feet. [mutagenic meat]
 28183 | D:14     | Lost mutation: You have hoof-like feet. [mutagenic meat]
 28184 | D:14     | Lost mutation: You occasionally shout uncontrollably at your foes. [mutagenic meat]
 28185 | D:14     | Gained mutation: You tend to lose your temper in combat. [mutagenic meat]
 28186 | D:14     | Gained mutation: You occasionally shout uncontrollably at your foes. [mutagenic meat]
 28213 | D:14     | Noticed Kirke
 28225 | D:14     | Killed Kirke
 28265 | D:14     | Gained mutation: Your skin changes colour to match your surroundings (Stealth+). [potion of mutation]
 28265 | D:14     | Gained mutation: Your flesh is heat resistant. (rF+) [potion of mutation]
 28464 | D:14     | Found Ittalicw's Magic Scroll Emporium.
 28504 | D:14     | Bought a scroll of remove curse for 42 gold pieces
 28504 | D:14     | Bought a scroll of fear for 49 gold pieces
 28504 | D:14     | Bought a scroll of teleportation for 42 gold pieces
 28504 | D:14     | Bought a scroll of enchant weapon for 105 gold pieces
 28763 | D:15     | Entered Level 15 of the Dungeon
 28867 | D:15     | Lost mutation: You tend to lose your temper in combat. [mutagenic meat]
 28869 | D:15     | Lost mutation: Your flesh is heat resistant. (rF+) [mutagenic meat]
 28870 | D:15     | Lost mutation: You occasionally shout uncontrollably at your foes. [mutagenic meat]
 28871 | D:15     | Gained mutation: You have hoof-like feet. [mutagenic meat]
 28873 | D:15     | Gained mutation: You are partially covered in icy blue scales. (AC +2) [mutagenic meat]
 28951 | D:15     | Found a staircase to the Depths.
 29224 | D:15     | Lost mutation: You expend magic power (3 MP) to strengthen your wands. [mutagenic meat]
 29225 | D:15     | Lost mutation: Your muscles are strong. (Str +2) [mutagenic meat]
 29226 | D:15     | Gained mutation: You are occasionally teleported next to monsters. [mutagenic meat]
 29227 | D:15     | Lost mutation: Your magical capacity is low. (-10% MP) [mutagenic meat]
 29228 | D:15     | Lost mutation: You have hoof-like feet. [mutagenic meat]
 29229 | D:15     | Gained mutation: You are dopey. (Int -2) [mutagenic meat]
 29728 | Vaults:1 | Entered Level 1 of the Vaults
 29729 | Vaults:1 | Lost mutation: You have large cloven feet. [potion of cure mutation]
 29729 | Vaults:1 | Lost mutation: You are dopey. (Int -2) [potion of cure mutation]
 29729 | Vaults:1 | Lost mutation: You can translocate small distances at will. [potion of cure mutation]
 29729 | Vaults:1 | Lost mutation: You are occasionally teleported next to monsters. [potion of cure mutation]
 29729 | Vaults:1 | Lost mutation: You are partially covered in icy blue scales. (AC +2) [potion of cure mutation]
 30023 | Vaults:1 | Upgraded the game from 0.19.0-23-gf02e663 to 0.19.0-24-gb05acd6
 30137 | Vaults:1 | Reached skill level 15 in Shields
 30598 | Vaults:1 | Found a hazy altar of Hepliaklqana.
 30604 | Vaults:1 | Found Idoeri's Weapon Boutique.
 30874 | Vaults:1 | Reached XP level 19. HP: 177/187 MP: 25/25
 32122 | Vaults:3 | Found a staircase to the Crypt.
 32628 | Vaults:3 | Noticed Mennas
 32660 | Vaults:3 | Killed Mennas
 32660 | Vaults:3 | Reached skill level 21 in Fighting
 32718 | Vaults:3 | Noticed Nikola
 32734 | Vaults:3 | Killed Nikola
 33518 | Vaults:3 | Found Rixt's Assorted Antiques.
 33563 | Vaults:3 | Bought a scroll of silence for 270 gold pieces
 33563 | Vaults:3 | Bought a potion of curing for 108 gold pieces
 33563 | Vaults:3 | Bought a scroll of enchant armour for 270 gold pieces
 33563 | Vaults:3 | Bought a potion of curing for 108 gold pieces
 34475 | Vaults:4 | Noticed a lich
 34477 | Vaults:4 | Paralysed by a lich for 2 turns
 34485 | Vaults:4 | Killed a lich
 34485 | Vaults:4 | Reached XP level 20. HP: 149/198 MP: 26/26
 34927 | Vaults:4 | Noticed an ancient lich
 34939 | Vaults:4 | Killed an ancient lich
 35583 | Depths:1 | Entered Level 1 of the Depths
 35720 | Depths:1 | Noticed SlowGraham's ghost (adept MfCj)
 35736 | Depths:1 | Killed SlowGraham's ghost
 35810 | Depths:1 | Reached skill level 22 in Fighting
 35872 | Depths:1 | Paralysed by a floating eye for 2 turns
 36295 | Depths:1 | Paralysed by a great orb of eyes for 7 turns
 36551 | Depths:2 | Reached XP level 21. HP: 143/209 MP: 27/27
 36743 | Depths:2 | Found a gateway to a ziggurat.
 36749 | Depths:2 | Noticed Saint Roka
 36766 | Depths:2 | Killed Saint Roka
 36811 | Depths:2 | Reached skill level 10 in Evocations
 36968 | Depths:2 | Noticed an ancient lich
 36977 | Depths:2 | Killed an ancient lich
 37833 | Depths:3 | Reached skill level 15 in Dodging
 37958 | Depths:3 | Noticed Bai Suzhen
 37964 | Depths:3 | Noticed Sojobo
 37973 | Depths:3 | Killed Bai Suzhen
 37973 | Depths:3 | Reached skill level 23 in Fighting
 37995 | Depths:3 | Killed Sojobo
 38064 | Depths:3 | Gained mutation: You are weak. (Str -2) [a neqoxec]
 38192 | Depths:3 | Gained mutation: You have large cloven feet. [a neqoxec]
 38476 | Depths:3 | Found a portal to a secret trove of treasure.
 38539 | Depths:3 | Got a shimmering jade ring
 38540 | Depths:3 | Identified the ring of Vakulodi {Int+4 Stlth+} (You took it off a hell knight on level 3 of the Depths)
 38757 | Depths:3 | Found a runed door.
 38829 | Depths:3 | Found a one-way gate leading to the halls of Pandemonium.
 39264 | Depths:4 | Reached XP level 22. HP: 216/220 MP: 29/29
 39308 | Depths:4 | Noticed a golden dragon
 39309 | Depths:4 | Noticed a juggernaut
 39320 | Depths:4 | Killed a juggernaut
 39323 | Depths:4 | Noticed a caustic shrike
 39327 | Depths:4 | Killed a ghostly juggernaut
 39330 | Depths:4 | Killed a golden dragon
 39339 | Depths:4 | Killed a caustic shrike
 39352 | Depths:5 | Entered Level 5 of the Depths
 39358 | Depths:5 | HP: 7/222 [spark wasp (15)]
 39367 | Depths:5 | HP: 9/222 [frost giant/battleaxe of freezing (16)]
 39789 | Depths:5 | Paralysed by a floating eye for 4 turns
 39905 | Depths:5 | Reached skill level 24 in Fighting
 40750 | Depths:5 | Noticed a golden dragon
 40751 | Depths:5 | Found a gate to the Realm of Zot.
 40751 | Depths:5 | Noticed a golden dragon
 40773 | Depths:5 | Killed a golden dragon
 40780 | Depths:5 | Killed a golden dragon
 40960 | Depths:4 | Found a one-way gate to the infinite horrors of the Abyss.
 42821 | Elf:1    | Entered Level 1 of the Elven Halls
 42901 | Elf:1    | Identified Yggeyskeu's Collected Works on Companions
 42941 | Elf:1    | Found Colaest's Antique Armour Emporium.
 42981 | Elf:1    | Reached XP level 23. HP: 232/232 MP: 30/30
 43126 | Elf:1    | Found Lir Nutoo's Distillery.
 43134 | Elf:1    | Bought 2 potions of invisibility for 240 gold pieces
 43134 | Elf:1    | Bought a potion of heal wounds for 75 gold pieces
 43134 | Elf:1    | Bought a potion of curing for 45 gold pieces
 43134 | Elf:1    | Bought a potion of resistance for 150 gold pieces
 43134 | Elf:1    | Bought a potion of might for 60 gold pieces
 43778 | Elf:2    | Found a runed gate.
 43778 | Elf:2    | Found a runed gate.
 43780 | Elf:2    | Found a runed gate.
 43876 | Elf:2    | Found a frozen archway.
 43882 | IceCv    | Entered an ice cave
 44041 | IceCv    | Mangled by an Ice Fiend

Skill      XL: |  1  2  3  4  5  6  7  8  9 10 11 12 13 14 15 16 17 18 19 20 21 22 23 |
---------------+----------------------------------------------------------------------+-----
Fighting       | 4 5 6 7 9 10 11 12 14 15 16 17 18 19 20 21 22 23 24 | 24.8
Axes           | 3 4 5 7 8 10 11 12 13 15 16 17 18 19 20 21 | 21.7
Shields        | 4 5 6 7 8 9 10 11 12 13 14 15 16 | 16.8
Armour         | 4 5 6 7 8 9 10 11 12 13 14 15 16 17 18 | 18.9
Dodging        | 2 4 5 6 8 9 10 11 12 13 14 15 16 | 16.4
Invocations    | 2 3 5 6 7 8 9 |  9.9
Evocations     | 3 5 7 8 9 10 11 12 | 12.0

Action                   |  1- 3 |  4- 6 |  7- 9 | 10-12 | 13-15 | 16-18 | 19-21 | 22-24 || total
-------------------------+-------+-------+-------+-------+-------+-------+-------+-------++-------
Melee: War axe           |    83 |   148 |   370 |   493 |   649 |       |       |   312 ||  2055
       Headbutt          |    12 |    26 |    64 |   161 |   306 |   392 |   448 |   192 ||  1601
       Kick              |       |       |    47 |   258 |   502 |   493 |    85 |   339 ||  1724
       Whip              |       |       |       |    16 |       |       |       |       ||    16
       Trident           |       |       |       |       |   144 |     5 |    16 |       ||   165
       Broad axe         |       |       |       |       |    42 |   977 |  1138 |   187 ||  2344
Invok: Slouch            |       |       |       |       |     6 |     5 |     2 |     3 ||    16
       Bend Time         |       |       |       |       |       |     3 |       |     1 ||     4
Evoke: Wand              |       |       |       |       |       |       |       |     6 ||     6
  Use: Scroll            |       |     5 |     6 |     4 |     9 |     3 |    14 |    13 ||    54
       Potion            |       |       |     9 |     3 |     3 |    10 |     4 |     7 ||    36
 Stab: Distracted        |       |       |       |       |       |       |       |     1 ||     1
       Paralysed         |       |       |       |       |       |       |       |     1 ||     1
  Eat: Chunk             |       |     4 |    12 |    12 |     8 |    46 |     9 |     1 ||    92
       Meat ration       |       |       |     2 |       |     2 |       |       |     1 ||     5
       Pizza             |       |       |       |     1 |     1 |     3 |     4 |     2 ||    11
       Fruit             |       |       |       |       |       |       |     5 |       ||     5
       Royal jelly       |       |       |       |       |       |       |     1 |       ||     1
Armor: Scale mail        |    43 |    71 |    13 |       |       |       |       |       ||   127
       Crystal plate arm |       |       |   359 |   295 |   452 |   295 |   305 |   143 ||  1849
Dodge: Dodged            |    40 |    55 |    32 |   223 |   681 |   648 |   794 |   374 ||  2847
Block: Shield            |    44 |    82 |   326 |   414 |  1055 |  1323 |  1327 |   553 ||  5124
       Reflection        |       |       |       |       |     5 |   182 |   121 |    57 ||   365
